[Event "*** Titled Tuesday Blitz"]
[Site "Chess.com"]
[Date "2020.05.05"]
[Round "5"]
[White "Dr-Bassem"]
[Black "Duhless"]
[Result "0-1"]
[WhiteElo "2799"]
[BlackElo "3088"]
[TimeControl "180+1"]
[EndTime "10:56:16 PDT"]
[Termination "Duhless won on time"]

1. e4 c5 2. Nf3 Nc6 3. d3 g6 4. g3 Bg7 5. Bg2 Nf6 6. O-O O-O 7.
Re1 b6 8. c3 e5 9. a3 d6 10. b4 Bb7 11. Nbd2 Re8 12. Bb2 Rc8 13. Nc4 h6 14. b5 Ne7 15. a4 Qc7 16. a5 Rcd8 17.
axb6 axb6 18. Qb3 Kh7 19. Nfd2 d5 20. exd5 Nfxd5 21. Nf3 f6 22. h4 h5 23. d4 exd4 24.
cxd4 Nf5 25. Rxe8 Rxe8 26. dxc5 Qxc5 27. Ra7 Re2 0-1

[Event "*** Titled Tuesday Blitz"]
[Site "Chess.com"]
[Date "2020.05.05"]
[Round "5"]
[White "barbara25"]
[Black "Nikithebest"]
[Result "0-1"]
[WhiteElo "2220"]
[BlackElo "2442"]
[TimeControl "180+1"]
[EndTime "10:56:16 PDT"]
[Termination "Nikithebest won by resignation"]

1. e4 c5 2. Nf3 d6 3. d4 cxd4 4.
Nxd4 Nf6 5. Nc3 g6 6. f3 a6 7. Be3 b5 8. Qd2 Bb7 9. O-O-O Nbd7 10. Kb1 e5 11. Nb3 b4 12. Ne2 a5 13. g4 h6 14. h4 a4 15. Nbc1 d5 16. exd5 Nxd5 17. Bg2 a3 18. b3 Qc7 19. Nd3 Bg7 20. Nxb4 Nxe3 21. Qxe3 O-O 22. h5 Rac8 23. c4 e4 24.
f4 Nc5 25. Nc1 g5 26. Rhf1 Rcd8 27. Nd5 Bxd5 28. Rxd5 Rxd5 29. cxd5 Nd3 30. Bxe4 Qc3 31. Nxd3 Rc8 32. Qc5 Rxc5 0-1

[Event "*** Titled Tuesday Blitz"]
[Site "Chess.com"]
[Date "2020.05.05"]
[Round "5"]
[White "Gubajdullin"]
[Black "VincentKeymer"]
[Result "1-0"]
[WhiteElo "2554"]
[BlackElo "2707"]
[TimeControl "180+1"]
[EndTime "10:56:17 PDT"]
[Termination "Gubajdullin won by resignation"]

1. d4 Nf6 2. Bf4 e6 3. e3 c5 4. c3 Nc6 5. Nd2 b6 6. Ngf3 Bb7 7. h3 d5 8. Bd3 Bd6 9. Ne5 Qc7 10. Ndf3 Nd7 11.
Nxd7 Qxd7 12. O-O Bxf4 13. exf4 O-O 14. Re1 cxd4 15. cxd4 Rfc8 16. Bxh7+ Kxh7 17. Ng5+ Kg8 18. Qh5 Nxd4 19. Qh7+ Kf8 20. Qh8+ Ke7 21. Qxg7 Rg8 22. Qxd4 Rac8 23. Nh7 Qd6 24. Qf6+ Ke8 25. f5 d4 26. fxe6 Rxg2+ 27. Kf1 Bd5 28. Qxf7+ Kd8 29. e7+ Kc7 30. Rac1+ Kb7 31. e8=Q+ Ka6 32. Qxc8+ 1-0

[Event "*** Titled Tuesday Blitz"]
[Site "Chess.com"]
[Date "2020.05.05"]
[Round "5"]
[White "Raja3401"]
[Black "WPWPWP-2015"]
[Result "1-0"]
[WhiteElo "2707"]
[BlackElo "2439"]
[TimeControl "180+1"]
[EndTime "10:56:18 PDT"]
[Termination "Raja3401 won on time"]

1. e4 c5 2. Nf3 e6 3. d4 cxd4 4. Nxd4 Nc6 5. Nc3 Qc7 6. g3 a6 7. Bg2 Nf6 8. O-O Bc5 9. Nxc6 dxc6 10. e5 Qxe5 11. Bf4 Qd4 12. Qe1 O-O 13. Be5 Qg4 14.
h3 Qg6 15. Rd1 Nd5 16. Ne4 Be7 17. c4 Nb6 18. Bd6 Bxd6 19. Nxd6 f6 20. Qb4 Nd5 21. cxd5 a5 22. Nxc8 Raxc8 23. Qxb7 exd5 24. Rfe1 f5 25. Qd7 f4 26. g4 f3 27. Bf1 Qf6 28. Qe6+ Qxe6 29. Rxe6 Kf7 30. Re3 Kg6 31. Bd3+ Kg5 32. Re5+ Kf4 33. Rde1 1-0

[Event "*** Titled Tuesday Blitz"]
[Site "Chess.com"]
[Date "2020.05.05"]
[Round "5"]
[White "TregubovP"]
[Black "queen_iryna"]
[Result "1-0"]
[WhiteElo "2484"]
[BlackElo "2300"]
[TimeControl "180+1"]
[EndTime "10:56:18 PDT"]
[Termination "TregubovP won by resignation"]

1. e4 d6 2. d4 Nf6 3. Nc3 e5 4. dxe5 dxe5 5. Qxd8+ Kxd8 6. Bc4 Ke8 7. f4 Bb4 8. Bd2 Nc6 9. Nf3 exf4 10. O-O-O Be6 11. Bd3 Ng4 12. Rde1 Nf2 13. Rhf1 Nxd3+ 14. cxd3 Rd8 15. Kc2 h6 16. Bxf4 g5 17. Bxc7 Rc8 18. Bg3 g4 19. Nh4 Nd4+ 20. Kd2 Bxa2 21. Be5 Nb3+ 22. Ke3 Bxc3 23. bxc3 Rg8 24. Rf2 Rc5 25. Bf6 Ra5 26. Ree2 Nc1 27. Rc2 Nxd3 28. Rxa2 Rxa2 29. Rxa2 Nc5 30.
Rxa7 Kd7 31. Bd4 Kc6 32. Bxc5 Kxc5 33. Rxb7 1-0

[Event "*** Titled Tuesday Blitz"]
[Site "Chess.com"]
[Date "2020.05.05"]
[Round "5"]
[White "pollo2016"]
[Black "ketster"]
[Result "1-0"]
[WhiteElo "2579"]
[BlackElo "2265"]
[TimeControl "180+1"]
[EndTime "10:56:18 PDT"]
[Termination "pollo2016 won by checkmate"]

1. d4 Nf6 2. c4 e6 3. Nc3 Bb4 4. Bg5 c5 5. d5 exd5 6. cxd5 d6 7. e3 O-O 8. Bd3 h6 9. Bxf6 Qxf6 10. Ne2 Nd7 11. a3 Ba5 12. O-O a6 13. Ne4 Qe7 14.
N4g3 Ne5 15. Bc2 b5 16. h3 Bb6 17. b3 g6 18. f4 Nd7 19. e4 c4+ 20. Kh1 cxb3 21.
Bxb3 Nc5 22. Bc2 Qh4 23. f5 gxf5 24. exf5 Kh8 25. Rf4 Qf6 26. Nh5 Qg5 27. Neg3 Nd7 28. Rg4 Qe3 29. Ne4 Ne5 30. Rg3 Qd4 31. Qc1 Bxf5 32.
Qxh6+ Bh7 33. Qg7# 1-0

[Event "*** Titled Tuesday Blitz"]
[Site "Chess.com"]
[Date "2020.05.05"]
[Round "5"]
[White "Vuk2000"]
[Black "OparinGrigoriy"]
[Result "0-1"]
[WhiteElo "2633"]
[BlackElo "2926"]
[TimeControl "180+1"]
[EndTime "10:56:19 PDT"]
[Termination "OparinGrigoriy won by resignation"]

1. d4 f5 2. Nf3 Nf6 3. c4 d6 4.
g3 g6 5. Bg2 Bg7 6. O-O O-O 7.
Nc3 c6 8. d5 e5 9. dxe6 Bxe6 10. Qd3 Na6 11. b3 Ne4 12. Bb2 Nb4 13. Qe3 Nc2 14. Qc1 Nxa1 15. Qxa1 Qe7 16. Rd1 Rad8 17. e3 d5 18. cxd5 Nxc3 19. Bxc3 Bxc3 20. Qxc3 Bxd5 21.
Rd4 Bxf3 22. Bxf3 Rxd4 23. Qxd4 a6 24. h4 Rd8 25. Qc3 Kf7 26. Kg2 Qf6 27. Qc4+ Kg7 28. Qc2 Rd7 29. b4 Qe5 30. a3 h6 31. Qc4 g5 32. hxg5 hxg5 33. g4 Rf7 34. gxf5 Qxf5 35. Qe2 a5 36. bxa5 Qxa5 37. Qd3 Qf5 38. Qe2 c5 39.
Bg4 Qe4+ 40. Bf3 Qf5 41. Bg4 Qe5 42. Qc4 Qb2 43. Bf3 Qf6 44. Qd5 Qf5 45. Qxf5 Rxf5 46.
Bxb7 c4 47. Be4 Ra5 48. Kf3 Rxa3 49. Bd5 c3 50. Ke2 c2 51. Kd2 Rd3+ 0-1

[Event "*** Titled Tuesday Blitz"]
[Site "Chess.com"]
[Date "2020.05.05"]
[Round "5"]
[White "Artem_Sadovsky"]
[Black "Anastasia_Nesytova"]
[Result "1/2-1/2"]
[WhiteElo "2539"]
[BlackElo "2392"]
[TimeControl "180+1"]
[EndTime "10:56:19 PDT"]
[Termination "Game drawn by repetition"]

1. Nf3 d5 2. g3 c6 3. Bg2 Nf6 4. O-O Bg4 5. c4 e6 6. b3 Nbd7 7. Bb2 Be7 8. d3 O-O 9. Nbd2 a5 10. Qc2 a4 11. Rad1 Qb6 12. e4 dxe4 13. Nxe4 h6 14.
Nxf6+ Bxf6 15. Bxf6 Nxf6 16. d4 Bf5 17. Qc3 axb3 18.
axb3 Rfd8 19. Ra1 Be4 20. Rxa8 Rxa8 21. Ra1 Rxa1+ 22. Qxa1 Qxb3 23. Ne5 Qb1+ 24. Qxb1 Bxb1 25. c5 Ba2 26. f4 Kf8 27. Kf2 Ke7 28. Ke3 Bd5 29.
Bf1 Ne8 30. g4 f6 31. Ng6+ Kd7 32. f5 Nc7 33. Bd3 Ke8 34. Nf4 Kf7 35. h4 Bb3 36.
Kd2 e5 37. dxe5 fxe5 38. Ng6 Kf6 39. Nf8 Ke7 40. Ng6+ Kf6 41. Nf8 Ke7 42. Ng6+ Kf6 1/2-1/2

[Event "*** Titled Tuesday Blitz"]
[Site "Chess.com"]
[Date "2020.05.05"]
[Round "5"]
[White "HanSchut"]
[Black "Bossche-CM"]
[Result "0-1"]
[WhiteElo "2230"]
[BlackElo "2449"]
[TimeControl "180+1"]
[EndTime "10:56:22 PDT"]
[Termination "Bossche-CM won on time"]

1. e4 c5 2. Nf3 e6 3. c4 Nc6 4. Nc3 e5 5. Nd5 Nf6 6. d3 h6 7.
Be2 d6 8. Be3 g5 9. b4 Nxd5 10.
exd5 Nxb4 11. h4 g4 12. Nd2 Bf5 13. Ne4 Bxe4 14. dxe4 h5 15. f3 Bh6 16. Bxh6 Rxh6 17. fxg4 hxg4 18. g3 Qa5 19. O-O Qa3 20. Kg2 Qe3 21.
Bxg4 Qxe4+ 22. Bf3 Qxc4 23. Qa4+ b5 24. Qa5 Rf6 25.
a3 Nc2 26. Qa6 Kf8 27. Rac1 Ne3+ 28. Kh3 Qd4 29. Rf2 e4 30. Qc6 Re8 0-1

[Event "*** Titled Tuesday Blitz"]
[Site "Chess.com"]
[Date "2020.05.05"]
[Round "5"]
[White "H3nriqueTV"]
[Black "BillCoe"]
[Result "0-1"]
[WhiteElo "2147"]
[BlackElo "2020"]
[TimeControl "180+1"]
[EndTime "10:56:22 PDT"]
[Termination "BillCoe won by resignation"]

1. e4 c5 2. Nf3 e6 3. g3 a6 4.
Bg2 g6 5. d3 Bg7 6. O-O Nc6 7.
c3 Nge7 8. Bg5 h6 9. Be3 b6 10. d4 cxd4 11. cxd4 d5 12. Nc3 dxe4 13. Nxe4 O-O 14.
Qd2 Kh7 15. Rac1 Bb7 16. Rfd1 Nd5 17. h4 Nce7 18. h5 Nxe3 19. Qxe3 Nf5 20. Qd3 Bd5 21. a3 Qd7 22. Ne5 Qb7 23. b4 Rad8 24. hxg6+ fxg6 25. Qe2 Nxd4 26. Rxd4 Bxe5 27. Rdd1 Bg7 28. Qg4 Rf5 29.
Qh4 Rdf8 30. Rd2 g5 31. Qh3 Bxe4 32. g4 Bxg2 33. Qxg2 Qxg2+ 34. Kxg2 Rf4 35. Rc7 R8f7 36. Kh3 0-1

[Event "*** Titled Tuesday Blitz"]
[Site "Chess.com"]
[Date "2020.05.05"]
[Round "5"]
[White "GM_LOADING"]
[Black "quesfr"]
[Result "1-0"]
[WhiteElo "2527"]
[BlackElo "2246"]
[TimeControl "180+1"]
[EndTime "10:56:23 PDT"]
[Termination "GM_LOADING won by resignation"]

1. e4 e6 2. d4 d5 3. Nc3 Nf6 4.
Bg5 dxe4 5. Nxe4 Nbd7 6. Nxf6+ Nxf6 7. Nf3 h6 8. Bh4 c5 9. Bd3 Be7 10. O-O b6 11. dxc5 bxc5 12. Ne5 O-O 13. Nc6 Qc7 14. Nxe7+ Qxe7 15. Qf3 Bb7 16. Bxf6 gxf6 17. Qh5 Kg7 18. Rae1 Rad8 19. Re3 Rd5 20. Qh4 Rg5 21. Rg3 Rd8 22.
Re1 Rd4 23. f4 Rxg3 24. Qxg3+ Kf8 25. Qh4 Qd6 26. Qxf6 Qxf4 27. Qxf4 Rxf4 28. Re5 Bd5 29. b3 f6 30. Re3 Kf7 31. Rh3 Kg7 32. Rg3+ Kf7 33.
Rg6 Rh4 34. g3 Rh5 35. Rg4 e5 36. Bg6+ 1-0

[Event "*** Titled Tuesday Blitz"]
[Site "Chess.com"]
[Date "2020.05.05"]
[Round "5"]
[White "Misticpikachu"]
[Black "szefru"]
[Result "1-0"]
[WhiteElo "2304"]
[BlackElo "2095"]
[TimeControl "180+1"]
[EndTime "10:56:23 PDT"]
[Termination "Misticpikachu won by resignation"]

1. c4 e5 2. g3 g6 3. Bg2 Bg7 4. Nc3 c6 5. Nf3 f5 6. d3 Ne7 7.
O-O O-O 8. e4 d6 9. Re1 h6 10.
d4 Qc7 11. d5 c5 12. Bd2 f4 13.
Rb1 Bg4 14. h3 Bd7 15. g4 Kh8 16. a3 Qc8 17. Nb5 Bxb5 18. cxb5 b6 19. b4 Nd7 20.
bxc5 Nxc5 21. Bb4 Qd7 22. Bxc5 bxc5 23. Nd2 Rab8 24. a4 g5 25. Nc4 Ng6 26. f3 Nh4 27.
Qb3 h5 28. Kf2 hxg4 29. hxg4 Kg8 30. a5 Kf7 31. b6 axb6 32. axb6 Rh8 33. Qb5 Qe7 34.
Qc6 Rh6 35. Qc7 Rb7 36. Qc6 Bf8 37. Na5 Rb8 38. b7 Nxg2 39. Kxg2 Qf6 40. Qc7+ Kg8 41.
Qxb8 Qh8 42. Qxf8+ Kxf8 43. b8=Q+ Kf7 44. Qxh8 Rxh8 45.
Rb7+ Kf6 1-0

[Event "*** Titled Tuesday Blitz"]
[Site "Chess.com"]
[Date "2020.05.05"]
[Round "5"]
[White "pedromartinez91"]
[Black "GMNeiksans"]
[Result "1/2-1/2"]
[WhiteElo "2526"]
[BlackElo "2761"]
[TimeControl "180+1"]
[EndTime "10:56:24 PDT"]
[Termination "Game drawn - insufficient material"]

1. e4 c5 2. c3 Nf6 3. e5 Nd5 4. Nf3 d6 5. exd6 e6 6. d4 cxd4 7. Qxd4 Nc6 8. Bb5 Qxd6 9. O-O Bd7 10. Bxc6 Bxc6 11. Na3 Nf6 12. Qxd6 Bxd6 13. Nc4 Bc7 14.
Nce5 Be4 15. Re1 Bg6 16. Bg5 Nd5 17. Nxg6 hxg6 18. Rad1 O-O 19. c4 Nf6 20. Bxf6 gxf6 21. Rd7 Rac8 22. Red1 Rfd8 23. Kf1 Rxd7 24. Rxd7 Kf8 25.
h4 Ke8 26. Rd3 Ke7 27. Ke2 f5 28. g3 Bd6 29. b3 a6 30. a4 e5 31. Rd5 e4 32. Ng5 Rd8 33. f3 Bxg3 34. Rxd8 Kxd8 35.
fxe4 fxe4 36. Nxf7+ Ke7 37. Ng5 Bxh4 38. Nxe4 Kd7 39. b4 Be7 40. b5 Ke6 41. c5 axb5 42.
axb5 Kd5 43. c6 bxc6 44. bxc6 Kxc6 45. Kf3 Kd5 46. Nf2 Ke5 47. Kg4 Kf6 48. Nh3 Kg7 49. Nf4 Bf6 50. Nxg6 1/2-1/2

[Event "*** Titled Tuesday Blitz"]
[Site "Chess.com"]
[Date "2020.05.05"]
[Round "5"]
[White "crywolf1986"]
[Black "bascheyaro"]
[Result "0-1"]
[WhiteElo "2489"]
[BlackElo "2701"]
[TimeControl "180+1"]
[EndTime "10:56:24 PDT"]
[Termination "bascheyaro won by resignation"]

1. d4 d5 2. Nf3 Nf6 3. c4 c6 4. e3 Bf5 5. Bd3 Bxd3 6. Qxd3 e6 7. O-O Bd6 8. Nbd2 Nbd7 9. e4 dxe4 10. Nxe4 Nxe4 11.
Qxe4 Nf6 12. Qe2 h6 13. b3 O-O 14. Bb2 Qe7 15. Rad1 Rad8 16. Rd3 Ba3 17. Ba1 c5 18. Rfd1 cxd4 19. Bxd4 a6 20. g3 b5 21. Ne5 Rc8 22. Ba1 bxc4 23. Nxc4 Bc5 24. Nd6 Bxd6 25. Rxd6 a5 26. Qe5 Rfd8 27. Rxd8+ Rxd8 28. Rc1 Qb4 29. Bc3 Qa3 30. Ra1 Rd5 31. Qb8+ Kh7 32. Bxf6 gxf6 33. Qe8 Kg7 34. Qc8 Rd2 35. Qc4 Rxa2 36.
Re1 Ra1 37. Rxa1 Qxa1+ 38. Kg2 Qe5 39. Kf3 Qh5+ 40. Qg4+ Qxg4+ 41. Kxg4 f5+ 42. Kf3 Kf6 43. Ke3 Ke5 44. f4+ Kd5 45. Kd3 f6 46. h3 h5 47.
Ke3 e5 48. fxe5 fxe5 49. Kd3 Kc5 50. Kc3 e4 51. Kc2 Kb4 52. Kb2 e3 53. Kc2 e2 54.
Kd2 Kxb3 55. Kxe2 a4 56. g4 fxg4 0-1

[Event "*** Titled Tuesday Blitz"]
[Site "Chess.com"]
[Date "2020.05.05"]
[Round "5"]
[White "wonderfultime"]
[Black "XDPS"]
[Result "1-0"]
[WhiteElo "2929"]
[BlackElo "2722"]
[TimeControl "180+1"]
[EndTime "10:56:25 PDT"]
[Termination "wonderfultime won by resignation"]

1. d4 d5 2. Nf3 Nf6 3. Bf4 e6 4. e3 Bd6 5. Bg3 O-O 6. c4 c5 7. Nc3 cxd4 8. Nxd4 Nc6 9. Be2 a6 10. cxd5 exd5 11. O-O Bxg3 12. hxg3 Re8 13. Rc1 Ne5 14. Nf3 Neg4 15. Qd4 Be6 16. Rfd1 Rc8 17. Ng5 Nh6 18. Qb4 b5 19. a4 bxa4 20. Qxa4 Qb6 21. Rd2 Ra8 22.
Nxe6 fxe6 23. e4 Red8 24. exd5 exd5 25. Bf3 Kh8 26. Rcd1 Rab8 27. Nxd5 Nxd5 28. Bxd5 Nf5 29. Qf4 Nh6 30. Bf3 Rf8 31. Qe5 Rbe8 32. Qd6 Qa7 33. Re2 Rxe2 34. Qxf8+ Ng8 35. Bxe2 1-0

[Event "*** Titled Tuesday Blitz"]
[Site "Chess.com"]
[Date "2020.05.05"]
[Round "5"]
[White "xamax2000"]
[Black "Jbd735"]
[Result "1-0"]
[WhiteElo "2701"]
[BlackElo "2436"]
[TimeControl "180+1"]
[EndTime "10:56:26 PDT"]
[Termination "xamax2000 won by resignation"]

1. e4 e5 2. Nf3 Nc6 3. Bb5 a6 4. Ba4 Nf6 5. O-O Be7 6. Re1 b5 7. Bb3 d6 8. c3 O-O 9. h3 Na5 10. Bc2 c5 11. d4 Qc7 12. Nbd2 Nc6 13. d5 Nd8 14. a4 Rb8 15. b4 Ne8 16. Nf1 c4 17.
Ng3 g6 18. Be3 Ng7 19. axb5 axb5 20. Ra7 Rb7 21. Ra8 Rb8 22. Ra7 Rb7 23. Ra5 Bd7 24. h4 Bg4 25. Bg5 f6 26. Bh6 Nf7 27. Qd2 Bxf3 28. gxf3 Qd7 29. Kg2 Nxh6 30. Qxh6 f5 31. exf5 gxf5 32. Rg1 Rf6 33. Ra8+ Kf7 34. Qxh7 Rg6 35.
Kf1 Bf8 36. h5 Rf6 37. Nxf5 1-0

[Event "*** Titled Tuesday Blitz"]
[Site "Chess.com"]
[Date "2020.05.05"]
[Round "5"]
[White "Roenko_Artur"]
[Black "2346PL"]
[Result "0-1"]
[WhiteElo "2199"]
[BlackElo "2365"]
[TimeControl "180+1"]
[EndTime "10:56:26 PDT"]
[Termination "2346PL won on time"]

1. d4 f5 2. Nc3 Nf6 3. Bg5 d5 4. h4 e6 5. h5 c5 6. e3 Nc6 7. Nf3 Be7 8. Bb5 Bd7 9. Bxc6 Bxc6 10. Ne5 Rc8 11. h6 g6 12. Qe2 a6 13. O-O O-O 14.
Qf3 b5 15. Qh3 Nd7 16. Bxe7 Qxe7 17. Nxd7 Bxd7 18. Ne2 e5 19. dxe5 Qxe5 20. c3 Kh8 21.
Rfd1 Rcd8 22. Qf3 Bc6 23. Qf4 Qf6 24. Rd2 g5 25. Qh2 f4 26. exf4 gxf4 27. f3 Rde8 28. Rad1 Re5 29. Qh3 Rfe8 30. Kf2 a5 31. Nc1 Re3 32.
Nd3 c4 33. Nc1 b4 34. Ne2 Ba4 35. b3 cxb3 36. axb3 Bxb3 37. Rb1 bxc3 0-1

[Event "*** Titled Tuesday Blitz"]
[Site "Chess.com"]
[Date "2020.05.05"]
[Round "5"]
[White "Borsuk_Konstantin"]
[Black "Indianlad"]
[Result "0-1"]
[WhiteElo "2627"]
[BlackElo "2908"]
[TimeControl "180+1"]
[EndTime "10:56:27 PDT"]
[Termination "Indianlad won on time"]

1. d4 Nf6 2. c4 e6 3. Nc3 Bb4 4.
Qc2 c5 5. dxc5 O-O 6. Nf3 Na6 7.
a3 Bxc3+ 8. Qxc3 Nxc5 9. Bf4 Nce4 10. Qc2 d5 11. cxd5 exd5 12. Nd4 Ng4 13. f3 Qf6 14. e3 g5 15. fxg4 gxf4 16. Bd3 Qh4+ 17. g3 Nxg3 18. Qf2 Qh6 19. Rg1 Ne4 20. Qxf4 Qxf4 21.
exf4 Re8 22. O-O-O Kf8 23. Kb1 Nf2 24. Rd2 Nxg4 25.
Bxh7 Nf6 26. Bf5 Bxf5+ 27. Nxf5 Re4 28. Rf2 Rae8 29. Ka2 Re2 30. Rf3 Rxh2 31. Rfg3 Ree2 32. Rb3 b6 33. Rc1 Rc2 0-1

[Event "*** Titled Tuesday Blitz"]
[Site "Chess.com"]
[Date "2020.05.05"]
[Round "5"]
[White "swisspower96"]
[Black "Fandorine"]
[Result "0-1"]
[WhiteElo "2604"]
[BlackElo "2811"]
[TimeControl "180+1"]
[EndTime "10:56:27 PDT"]
[Termination "Fandorine won by resignation"]

1. d4 Nf6 2. c4 g6 3. Nc3 Bg7 4. e4 d6 5. h3 O-O 6. Be3 Na6 7. Nf3 c6 8. g4 Nc7 9. Bg2 b5 10. e5 Nd7 11. cxb5 Nxb5 12. Nxb5 cxb5 13. Ng5 Nb6 14. Bxa8 Nxa8 15. f4 Nb6 16. O-O Bb7 17. e6 f5 18.
d5 Bxd5 19. Kh2 Bc4 20. Re1 fxg4 21. Qxg4 Nd5 22. Bd2 Qb6 23. Qh4 h5 24. Rg1 Nxf4 25. Nf7 Nxe6 26. Nh6+ Kh7 27. Rxg6 Qf2+ 28. Qxf2 Rxf2+ 29.
Rg2 0-1

[Event "*** Titled Tuesday Blitz"]
[Site "Chess.com"]
[Date "2020.05.05"]
[Round "5"]
[White "WhiteCapital80"]
[Black "PauloCesarCosta_sad"]
[Result "0-1"]
[WhiteElo "2452"]
[BlackElo "2210"]
[TimeControl "180+1"]
[EndTime "10:56:27 PDT"]
[Termination "PauloCesarCosta_sad won by resignation"]

1. e4 e6 2. d4 d5 3. Nd2 Nf6 4. e5 Nfd7 5. c3 c5 6. Bd3 Nc6 7. Ne2 Qb6 8. Nf3 cxd4 9. cxd4 f6 10. exf6 Nxf6 11. O-O Bd6 12. Nc3 O-O 13. a3 Bd7 14. h3 e5 15. dxe5 Nxe5 16. Nxe5 Bxe5 17. Nxd5 Nxd5 18.
Bc4 Bd4 19. Bxd5+ Kh8 20. Bf3 Bb5 21. Bd2 Bxf1 22. Qxf1 Qxb2 23. Rd1 Rad8 24. Bg5 Bf6 25. Rb1 Qxa3 26. Be3 Bd4 27. Bg5 Rd7 28. Qb5 Qd6 29.
Rd1 Rxf3 30. Rxd4 Qxd4 31. gxf3 Qd5 32. Qxd5 Rxd5 33. Be3 a5 34. Bc1 b5 35. Ba3 b4 0-1

[Event "*** Titled Tuesday Blitz"]
[Site "Chess.com"]
[Date "2020.05.05"]
[Round "5"]
[White "CroissantNeuf"]
[Black "pichonazo"]
[Result "0-1"]
[WhiteElo "2356"]
[BlackElo "2515"]
[TimeControl "180+1"]
[EndTime "10:56:29 PDT"]
[Termination "pichonazo won by resignation"]

1. Nf3 Nf6 2. g3 g6 3. b3 Bg7 4. Bb2 O-O 5. Bg2 d6 6. d4 Nc6 7. O-O Bf5 8. c4 a5 9. d5 Nb4 10. Nd4 Bd7 11. a3 Na6 12. Nc3 Nc5 13. Qc2 Qc8 14. b4 e5 15. dxe6 Nxe6 16. Ndb5 Ng5 17. h4 Ne6 18. Rad1 Re8 19. Rd2 axb4 20. axb4 h5 21. Nd5 Nxd5 22. Bxg7 Nxb4 23. Qb2 Nxg7 24.
Qxb4 Bc6 25. Bd5 Nf5 26. e4 Ng7 27. Rb1 Qd7 28. Nd4 Bxd5 29. cxd5 b6 30. Nc6 f5 31. exf5 Nxf5 32. Rdd1 Re2 33. Re1 Rae8 34. Rxe2 Rxe2 35. Re1 Qe8 36. Rxe2 Qxe2 37. Qf4 Qd1+ 38. Kh2 Qxd5 39. Nd8 Qe5 40. Qg5 Kg7 41. Nc6 Qf6 42. Qf4 Ne7 43. Qxf6+ Kxf6 0-1

[Event "*** Titled Tuesday Blitz"]
[Site "Chess.com"]
[Date "2020.05.05"]
[Round "5"]
[White "cassoulet"]
[Black "etesungam"]
[Result "1-0"]
[WhiteElo "2589"]
[BlackElo "2364"]
[TimeControl "180+1"]
[EndTime "10:56:29 PDT"]
[Termination "cassoulet won by checkmate"]

1. e4 c5 2. Nc3 Nc6 3. g3 g6 4. Bg2 Bg7 5. d3 d6 6. Be3 Rb8 7. Qd2 b5 8. Nf3 b4 9. Nd1 e5 10. O-O Nge7 11. a3 a5 12. axb4 axb4 13. Bh6 O-O 14. Bxg7 Kxg7 15. Ne3 Be6 16. Nh4 Ra8 17.
f4 f6 18. f5 Rxa1 19. Rxa1 Bf7 20. fxg6 hxg6 21. Ng4 Rh8 22. Rf1 Ng8 23. Ne3 Nce7 24.
Qe2 Qb6 25. Kh1 Be6 26. Ra1 g5 27. Nhf5+ Bxf5 28. exf5 Nh6 29. Rf1 Rd8 30. Nd5 Nxd5 31. Bxd5 Rh8 32. Qh5 Qd8 33. Qg6+ Kf8 34. Ra1 Ng4 35.
Qf7# 1-0

[Event "*** Titled Tuesday Blitz"]
[Site "Chess.com"]
[Date "2020.05.05"]
[Round "5"]
[White "Corpescador"]
[Black "Balla_Tamas"]
[Result "0-1"]
[WhiteElo "2394"]
[BlackElo "2562"]
[TimeControl "180+1"]
[EndTime "10:56:30 PDT"]
[Termination "Balla_Tamas won on time"]

1. e4 c5 2. Nf3 e6 3. g3 a6 4. Bg2 Qc7 5. d4 cxd4 6. Nxd4 Nf6 7. O-O Nc6 8. Nxc6 dxc6 9. Be3 e5 10. h3 Be6 11.
Nd2 Nd7 12. f4 Bc5 13. Qe2 Qb6 14. Rae1 exf4 15. gxf4 Bxe3+ 16. Qxe3 Qxe3+ 17. Rxe3 f6 18. b3 O-O-O 19. Nf3 Nc5 20. Rfe1 Rhe8 21. Kh2 Kc7 22. R1e2 Rd1 23. Nh4 Red8 24. f5 Bf7 25. Rg3 Rg8 26.
e5 Bh5 27. Ree3 fxe5 28. Rxe5 Kb6 29. f6 Bg6 30. Nxg6 gxf6 31. Rf5 Rxg6 32. Rxg6 hxg6 33. Rxf6 Rd2 34. Rxg6 Rxc2 35. h4 Nd3 36. Rf6 Ne1 37. Rg6 Rxa2 38. h5 Nxg2 39. Rxg2 Ra5 0-1

[Event "*** Titled Tuesday Blitz"]
[Site "Chess.com"]
[Date "2020.05.05"]
[Round "5"]
[White "Rafael_Ventura"]
[Black "Grandmaster2B"]
[Result "0-1"]
[WhiteElo "2291"]
[BlackElo "2481"]
[TimeControl "180+1"]
[EndTime "10:56:30 PDT"]
[Termination "Grandmaster2B won by checkmate"]

1. e4 c5 2. c4 Nc6 3. Ne2 Nf6 4. Nbc3 Nd4 5. d3 e6 6. Nxd4 cxd4 7. Ne2 Qb6 8. g3 d6 9. Bg2 Be7 10. O-O O-O 11. h3 e5 12. Rb1 a5 13. a3 a4 14. Bd2 Bd7 15. Bb4 Qc7 16. f4 Rfe8 17. f5 b5 18. Rc1 bxc4 19. Rxc4 Qb6 20. g4 h6 21. Rc1 Rac8 22. Qd2 Nh7 23. Rxc8 Rxc8 24.
Rb1 Bg5 25. Qd1 Qa6 26. Bf1 Bb5 27. Ng3 Qc6 28. Be2 Bf4 29. Nf1 Ng5 30. h4 Nh7 31.
Bd2 d5 32. Bxf4 exf4 33. exd5 Qxd5 34. Nh2 Nf6 35. Bf3 Qe5 36. Nf1 Nd5 37. Qd2 Ne3 38. Re1 Qc7 39. Nxe3 fxe3 40. Qb4 Qg3+ 41. Bg2 Bc6 42. Re2 Bxg2 43. Qe1 Qxe1+ 44. Rxe1 Bf3 45.
Kh2 Bxg4 46. Kg3 Bxf5 47. Kf4 Bxd3 48. Ke5 Rd8 49. h5 e2 50. Kf4 Bc4 51. Ke4 d3 52.
Rxe2 dxe2 53. Ke3 e1=Q+ 54. Kf4 Rd4+ 55. Kf5 Qe6# 0-1

[Event "*** Titled Tuesday Blitz"]
[Site "Chess.com"]
[Date "2020.05.05"]
[Round "5"]
[White "theblitzchamp"]
[Black "Dumbo32"]
[Result "1-0"]
[WhiteElo "2683"]
[BlackElo "2435"]
[TimeControl "180+1"]
[EndTime "10:56:31 PDT"]
[Termination "theblitzchamp won by checkmate"]

1. d4 d5 2. Bf4 Nf6 3. Nf3 g6 4. Nc3 Bg7 5. h4 h5 6. e3 Bg4 7.
Be2 c5 8. Ne5 Bxe2 9. Qxe2 Nc6 10. O-O-O c4 11. g4 hxg4 12. Nxg4 Nh5 13. Be5 Qa5 14. Kb1 O-O-O 15. Qf3 f5 16. Bxg7 Nxg7 17. Ne5 Nxe5 18. dxe5 e6 19. Qg3 Rh6 20. Qg5 Rdh8 21.
Ne2 Qd8 22. Qg2 Rxh4 23. Rxh4 Rxh4 24. Qxg6 Rg4 25. Qf7 Qd7 26. Qf8+ Qd8 27. Qc5+ Kb8 28. Nd4 a6 29. a3 Qc7 30. Qb4 Ka7 31. Rh1 Qxe5 32.
Rh7 Rxd4 33. exd4 Qxd4 34. Qe7 Nh5 35. Qxb7# 1-0

[Event "*** Titled Tuesday Blitz"]
[Site "Chess.com"]
[Date "2020.05.05"]
[Round "5"]
[White "cukin84"]
[Black "DDTerziev04"]
[Result "1-0"]
[WhiteElo "2076"]
[BlackElo "2284"]
[TimeControl "180+1"]
[EndTime "10:56:32 PDT"]
[Termination "cukin84 won on time"]

1. e4 e6 2. d4 d5 3. Nc3 Bb4 4. exd5 exd5 5. Bd3 Ne7 6. Qh5 h6 7. Ne2 Nbc6 8. O-O Be6 9. Bf4 Qd7 10. Nb5 Ba5 11. c3 Bg4 12. Qh4 O-O-O 13. Qg3 Be6 14. b4 Bb6 15. a4 a5 16. bxa5 Nxa5 17. Rfb1 f6 18. c4 dxc4 19. Be4 Nd5 20. Bxd5 Bxd5 21.
Nec3 Bc6 22. Nd6+ cxd6 23. Rxb6 g5 24. Be3 Qc7 25. d5 Bd7 26. Nb5 Bxb5 27. Rxb5 Nb3 28.
Rb1 Rde8 29. h3 f5 30. Bb6 Qd7 31. Qc3 Re4 32. R5xb3 Qxa4 33. Ra3 1-0

[Event "*** Titled Tuesday Blitz"]
[Site "Chess.com"]
[Date "2020.05.05"]
[Round "5"]
[White "DamianoLew95"]
[Black "praveenb2002"]
[Result "0-1"]
[WhiteElo "2565"]
[BlackElo "2734"]
[TimeControl "180+1"]
[EndTime "10:56:33 PDT"]
[Termination "praveenb2002 won on time"]

1. d4 d5 2. Nf3 Nf6 3. Bf4 e6 4.
e3 Bd6 5. Nbd2 O-O 6. Bd3 c5 7. c3 Nc6 8. Qe2 Bxf4 9. exf4 Qb6 10. dxc5 Qxb2 11. O-O Qxc3 12. Rfc1 Qa5 13. Ne5 Nxe5 14. fxe5 Nd7 15. Nf3 h6 16. Qc2 Qc7 17. Qc3 b6 18. Bc2 Nxc5 19. Rab1 Ba6 20. Qe3 Bc4 21. g4 f6 22. exf6 Rxf6 23. g5 hxg5 24. Ne5 Raf8 25. Ng4 Rf3 26. Qxg5 Qf4 27. Qg6 Nd3 28. Rd1 Qe4 29.
Nh6+ Kh8 0-1